Map: King's Cove LE

Players

llllllllllll (Stats) - Winner!

  • Race: Protoss Protoss
  • League: Master
  • Spawn Location: 11:00

llllllllllll (herO)

  • Race: Protoss Protoss
  • League: Master
  • Spawn Location: 5:00

Event: 2019 Assembly Summer

VOD

Have the link to the VOD?

Description

Time

  • Played on: Aug. 3, 2019, 8:02 a.m.
  • Length: 8:35

All games in this series

Show
View Real Time Build Order
Export as new Build Order

llllllllllll Protoss - Winner!

Build Orders: Phoenix Opening 

Get SALT Encoding   

  12  0:00  Probe  
  13  0:12  Probe  
  14  0:18  Pylon  
  14  0:24  Probe  
  15  0:32  Probe  
  15  0:37  Gateway  
  15  0:40  Probe  
  16  0:46  Assimilator  
  17  0:51  Probe  
  17  0:55  Assimilator  
  18  1:00  Probe  
  19  1:08  Gateway, Probe  
  19  1:17  Probe  
  20  1:24  Cybernetics Core  
  21  1:29  Probe  
  22  1:36  Pylon  
  22  1:41  Probe  
  23  1:54  Probe  
  24  2:01  Stalker  
  24  2:02  Warp Gate, Sentry  
  24  2:06  Probe  
  29  2:15  Pylon  
  29  2:23  Pylon  
  29  2:30  Stalker  
  29  2:33  Stalker  
  33  2:45  Phoenix  
  33  2:56  Nexus  
  33  3:03  Shield Battery  
  33  3:07  Sentry  
  33  3:08  Sentry  
  37  3:14  Probe  
  38  3:21  Pylon  
  38  3:31  Shield Battery  
  38  3:33  Probe  
  39  3:42  Robotics Facility  
  39  3:50  Adept x2  
  39  3:52  Probe  
  44  4:04  Probe  
  44  4:05  Pylon  
  45  4:14  Stalker x2  
  45  4:15  Probe  
  45  4:16  Probe  
  51  4:26  Shield Battery  
  51  4:33  Immortal  
  48  4:42  Probe  
  49  5:03  Stargate  
  49  5:08  Adept x2  
  49  5:12  Immortal  
  55  5:22  Shield Battery  
  55  5:31  Adept x2  
  59  5:51  Immortal  
  61  5:59  Adept x2  
  61  6:01  Pylon  
  63  6:05  Probe  
  63  6:06  Probe  
  63  6:13  Phoenix  
  64  6:27  Probe x2  
  64  6:29  Phoenix  
  66  6:38  Adept x2  
  72  7:05  Adept  
  72  7:06  Adept  
  66  7:21  Immortal  
  64  7:27  Adept x2  
  60  7:40  Probe x2  
  58  7:51  Probe x2  
  60  7:59  Probe x2  
  60  8:05  Twilight Council  
  60  8:07  Probe  
  60  8:08  Probe, Assimilator  
  60  8:09  Assimilator  
  60  8:10  Forge  
  62  8:14  Observer  
  62  8:19  Probe x2  
Show
View Real Time Build Order
Export as new Build Order

llllllllllll Protoss 

Build Orders:  

Get SALT Encoding   

  12  0:00  Probe  
  13  0:13  Probe  
  14  0:17  Pylon  
  14  0:24  Probe  
  15  0:32  Probe  
  15  0:37  Gateway  
  15  0:40  Probe  
  16  0:47  Assimilator  
  17  0:51  Probe  
  17  0:54  Assimilator  
  18  0:59  Probe  
  19  1:07  Probe  
  19  1:08  Gateway  
  19  1:17  Probe  
  20  1:25  Cybernetics Core  
  21  1:29  Probe  
  22  1:35  Pylon  
  22  1:41  Probe  
  23  1:54  Probe  
  24  2:01  Adept x2, Warp Gate  
  28  2:11  Pylon  
  28  2:30  Robotics Facility  
  28  2:31  Stalker  
  32  2:57  Nexus  
  32  2:58  Sentry  
  32  3:10  Warp Prism, Probe  
  33  3:24  Probe, Pylon  
  36  3:36  Probe  
  37  3:42  Immortal  
  41  3:50  Sentry  
  41  3:51  Sentry  
  44  3:56  Probe  
  45  4:08  Probe  
  46  4:14  Immortal  
  46  4:21  Probe x2  
  52  4:42  Sentry  
  52  4:43  Sentry  
  55  4:46  Observer  
  55  4:47  Probe  
  55  4:48  Probe  
  55  5:00  Probe x2  
  56  5:07  Adept  
  56  5:08  Adept  
  56  5:11  Observer  
  62  5:16  Pylon  
  62  5:18  Gateway  
  62  5:19  Gateway  
  61  5:22  Twilight Council  
  61  5:30  Immortal, Probe  
  61  5:34  Probe  
  67  5:44  Pylon  
  67  5:53  Adept x2  
  66  6:02  Probe x2  
  64  6:14  Probe x2  
  64  6:16  Adept x2  
  64  6:17  Adept  
  72  6:27  Adept  
  72  6:29  Pylon  
  74  6:45  Adept x2  
  78  6:48  Stalker  
  78  6:49  Pylon  
  78  6:52  Adept  
  74  7:21  Adept x4  
  36  7:44  Adept x3  
  36  7:45  Adept  
  39  8:05  Adept  
  39  8:06  Adept x3  
Tags
 
Add a new tag
Caveats
  • Supply blocks, unpowered buildings, or Contaminate may cause inaccurate times.
  • Supply counts are checked every 10 seconds.